 Dungeon Crawl Stone Soup version 0.14-a0-2091-gca92d1a (webtiles) character file.

22085 Mitsuki the Nimble (level 12, -9/115 HPs)
             Began as a Troll Monk on Jan 25, 2014.
             Was the Champion of Makhleb.
             Mangled by an alligator simulacrum (12 damage)
             ... in an ice cave on Jan 26, 2014.
             The game lasted 00:45:37 (9147 turns).

Mitsuki the Nimble (Troll Monk)                     Turns: 9147, Time: 00:45:38

HP  -9/115       AC 13     Str 24      XL: 12   Next: 55%
MP  20/20        EV 17     Int  6      God: Makhleb [******]
Gold 488         SH  0     Dex 14      Spells:  0 memorised, 11 levels left

rFire  . . .     SeeInvis +       - Unarmed
rCold  + . .     Clarity  .     H - +2 elf robe {rC+}
rNeg   + . .     Conserve .     (shield restricted)
rPois  .         rCorr    .     O - +1 hat
rElec  .         rRot     .     A - +2 cloak
SustAb . .       Spirit   .     (gloves unavailable)
rMut   .         Warding  +     (boots unavailable)
Gourm  +         Stasis   .     I - amulet of warding
MR     .....                    t - ring of see invisible
                                g - +0,+9 ring of slaying

@: not resistant to hostile enchantments, unstealthy
A: unfitting armour, claws 3, yellow scales 1, fast metabolism 3, gourmand,
regeneration 2, saprovore 2, shaggy fur 1, tough skin 2
a: Minor Destruction, Lesser Servant of Makhleb, Major Destruction, Greater
Servant of Makhleb, Renounce Religion


You were in an ice cave.
You worshipped Makhleb.
Makhleb was exalted by your worship.
You were very full.

You visited 1 branch of the dungeon, and saw 12 of its levels.
You also visited: Labyrinth, Sewer, Bailey and Ice Cave.

You collected 488 gold pieces.

Inventory:

Hand weapons
 J - the +9,+8 short sword of Superiority {drain, Str+2, unknown}
   (You took it off a minotaur in a labyrinth)

   A truly terrible weapon, it drains the life of those it strikes.
   It affects your strength (+2).
 K - the cursed -1,-2 sling of Udukuad {speed, rF+ rC+ Stlth--, unknown}
   (You took it off a minotaur in a labyrinth)

   Attacks with this weapon are significantly faster, but cause slightly less
   damage.
   It protects you from fire.
   It protects you from cold.
   It makes you much less stealthy.
   It has a curse placed upon it.
Armour
 A - a +2 cloak (worn)
 H - a +2 elven robe of cold resistance (worn)
 L - a +1 large shield
 O - a +1 hat (worn)
Magical devices
 c - a wand of random effects (11)
 r - a wand of heal wounds (3)
 v - a wand of polymorph (8)
 y - a wand of lightning (3)
 B - a wand of random effects (9)
 F - a wand of confusion (0) {unknown}
 G - a wand of magic darts (14)
 M - a wand of magic darts (14)
Comestibles
 b - 7 meat rations
 m - 12 bread rations
Scrolls
 a - 2 scrolls of enchant weapon I
 d - 6 scrolls of teleportation
 e - 3 scrolls of blinking
 f - 3 scrolls of fog {unknown}
 h - 3 scrolls of enchant armour
 i - 5 scrolls of identify
 j - 10 scrolls of remove curse
 k - 3 scrolls of vulnerability {unknown}
 s - a scroll of summoning {unknown}
 x - 3 scrolls of enchant weapon II
 z - 2 scrolls of recharging
 E - a scroll of amnesia
Jewellery
 g - a +0,+9 ring of slaying (left claw)
 q - an uncursed ring of fire
 t - a ring of see invisible (right claw)
 u - a +2 ring of intelligence
 D - an uncursed amulet of resist corrosion
 I - an amulet of warding (around neck)
Potions
 P - a potion of speed {unknown}
Books
 C - a book of Ice

   Spells                             Type                      Level
   Freezing Aura                      Charms/Ice                   2
   Ensorcelled Hibernation            Hexes/Ice                    2
   Ozocubu's Refrigeration            Ice                          6
   Bolt of Cold                       Conjuration/Ice              6
   Freezing Cloud                     Conjuration/Ice/Air          6
   Metabolic Englaciation             Hexes/Ice                    6
   Simulacrum                         Ice/Necromancy               6
 N - a book of Hinderance

   Spells                             Type                      Level
   Confusing Touch                    Hexes                        1
   Slow                               Hexes                        2
   Confuse                            Hexes                        3
   Petrify                            Transmutation/Earth          4
   Leda's Liquefaction                Hexes/Earth                  4
   Metabolic Englaciation             Hexes/Ice                    6


   Skills:
 - Level 6.5 Fighting
 - Level 12.8 Dodging
 - Level 1.1 Stealth
 - Level 11.1 Unarmed Combat
 * Level 7.6 Invocations


You had 11 spell levels left.
You didn't know any spells.

Dungeon Overview and Level Annotations

Branches:
Dungeon (12/16)            Temple (0/1) D:4             Orc (0/4) D:10
   Lair (0/8) D:10

Altars:
Elyvilon
Makhleb
Okawaru
Xom
Yredelemnul
Zin
Beogh

Shops:
D:4 ?   D:12 =


Innate Abilities, Weirdness & Mutations

You are too large for most types of armour.
You have claws for hands.
Your metabolism is lightning-fast.
You like to eat raw meat.
You heal very quickly.
You can eat rotten meat.
You are covered in fur (AC +1).
You have very tough skin (AC +2).
You are partially covered in yellow scales (AC +2).


Message History

Unknown command.
Drink which item? (? for menu, Esc to quit)
Okay, then.
Evoke which item? (* to show all) (? for menu, Esc to quit)
Zapping:
r - a wand of heal wounds {zapped: 1}
Press: ? - help, Shift-Dir - straight line, f - you You feel much better.
The alligator simulacrum bites you but does no damage.
The alligator simulacrum tail-slaps you.
The alligator simulacrum freezes you! You resist.
* * * LOW HITPOINT WARNING * * *
The alligator simulacrum bites you but does no damage.
The alligator simulacrum tail-slaps you.
* * * LOW HITPOINT WARNING * * *
The alligator simulacrum freezes you! You resist.
* * * LOW HITPOINT WARNING * * *
Use which ability? (? or * to list)
A demon appears!
You feel somewhat less full. The alligator simulacrum bites you!
You die...

#### ##..## ###
##....##..##
#....Z.....##
#.2.@Z......#
#....Z..##....#
##....### #
##..## ####


You could see 3 alligator simulacra and a friendly cacodemon.

Vanquished Creatures
  A minotaur (Lab)
  Fannar (D:10)
  Josephine (D:10)
  A centaur warrior (D:10)
  A deep elf knight (Bailey)
  2 hill giants
  Joseph (D:7)
  3 elephants (D:10)
  3 octopodes (D:11)
  2 deep elf priests (Bailey)
  Grinder (D:4)
  A spriggan (D:8)
  4 trolls
  A fire dragon skeleton (D:12)
  A griffon skeleton (D:11)
  2 sharks (D:11)
  6 deep elf magi (Bailey)
  6 humans (D:7)
  4 yaks (D:10)
  Eustachio (D:4)
  2 deep elf fighters (Bailey)
  A shadow (D:11)
  A hippogriff (D:12)
  2 necrophages
  An ice beast (D:8)
  2 ogres
  2 sky beasts
  2 phantoms
  5 centaurs
  5 orc warriors
  Sigmund (D:5)
  Duvessa (D:5)
  3 giant slugs (D:10)
  5 giant frogs
  4 big kobolds
  3 killer bees (D:12)
  A manticore skeleton (D:10)
  A troll zombie (D:10)
  3 yak zombies
  5 electric eels (D:11)
  Dowan (D:5)
  2 goliath beetles
  5 crimson imps
  A cyclops simulacrum (D:10)
  A big fish (D:5)
  2 centaur zombies
  A quasit (D:9)
  4 jellies
  2 hounds
  9 orc wizards
  Crazy Yiuf (D:3)
  4 orc priests (D:10)
  A centaur skeleton (D:9)
  A giant frog skeleton (D:9)
  An iguana (D:6)
  3 scorpions
  7 worker ants
  3 halflings (D:4)
  A wolf simulacrum (IceCv)
  Ijyb (D:3)
  Jessica (D:3)
  A big kobold skeleton (D:10)
  A mummy (D:7)
  Terence (D:3)
  4 gnolls (D:5)
  9 green rats
  A lemure (D:4)
  13 adders
  A giant centipede (D:11)
  An inept feature mimic (D:8)
  A hound simulacrum (D:10)
  A giant mite (D:3)
  3 worms
  An adder zombie (D:9)
  A giant centipede zombie (D:9)
  18 grey rats (Sewer)
  3 giant eyeballs
  6 giant geckos
  4 oozes
  28 orcs
  5 ball pythons
  21 bats
  5 giant cockroaches
  8 goblins
  16 hobgoblins
  5 jackals
  32 kobolds
  8 quokkas
  6 giant newts
  A kobold skeleton (D:5)
  An orc skeleton (D:5)
  29 rats
  3 ballistomycetes (D:8)
  2 bushes (D:4)
  A butterfly (D:4)
  A fungus (D:8)
  A plant (D:4)
388 creatures vanquished.

Vanquished Creatures (others)
  An adder (D:8)
  A giant spore (D:8)
  2 butterflies (D:4)
4 creatures vanquished.

Grand Total: 392 creatures vanquished

Notes
Turn   | Place    | Note
--------------------------------------------------------------
     0 | D:1      | Mitsuki, the Troll Monk, began the quest for the Orb.
     0 | D:1      | Reached XP level 1. HP: 22/22 MP: 1/1
     6 | D:1      | Noticed a black mamba
     6 | D:1      | Noticed a wolf
     6 | D:1      | Noticed a lindwurm
     6 | D:1      | Noticed a polar bear
     6 | D:1      | Noticed a komodo dragon
   186 | D:1      | Reached XP level 2. HP: 27/29 MP: 1/1
   735 | D:2      | Reached XP level 3. HP: 36/36 MP: 2/2
  1034 | D:2      | Found a burning altar of Makhleb.
  1043 | D:2      | Reached XP level 4. HP: 35/44 MP: 2/2
  1054 | D:2      | Became a worshipper of Makhleb the Destroyer
  1054 | D:2      | Acquired Makhleb's first power
  1054 | D:2      | Acquired Makhleb's second power
  1268 | D:3      | Reached skill level 5 in Unarmed Combat
  1331 | D:3      | Noticed Ijyb
  1347 | D:3      | Killed Ijyb
  1417 | D:3      | Noticed Jessica
  1425 | D:3      | Killed Jessica
  1425 | D:3      | Reached XP level 5. HP: 53/53 MP: 2/2
  1486 | D:3      | Noticed a centaur
  1493 | D:3      | Killed a centaur
  1493 | D:3      | Reached skill level 1 in Invocations
  1525 | D:3      | Paralysed by a giant eyeball for 2 turns
  1544 | D:3      | Reached XP level 6. HP: 58/61 MP: 2/4
  1703 | D:3      | Noticed Terence
  1707 | D:3      | Killed Terence
  1806 | D:3      | Noticed Crazy Yiuf
  1817 | D:3      | Killed Crazy Yiuf
  1888 | D:3      | Acquired Makhleb's third power
  2178 | D:4      | Found a white marble altar of Elyvilon.
  2299 | D:4      | Found a staircase to the Ecumenical Temple.
  2316 | D:4      | Found Siacik's Magic Scroll Emporium.
  2329 | D:4      | Gained mutation: You are partially covered in yellow scales (AC +2). [potion of mutation]
  2329 | D:4      | Gained mutation: You regenerate. [potion of mutation]
  2364 | D:4      | Found a shimmering altar of Xom.
  2460 | D:4      | Reached skill level 6 in Unarmed Combat
  2505 | D:4      | Reached XP level 7. HP: 67/67 MP: 5/5
  2648 | D:4      | Acquired Makhleb's fourth power
  2681 | D:4      | Noticed Eustachio
  2692 | D:4      | Killed Eustachio
  2703 | D:4      | Noticed Grinder
  2704 | D:4      | Paralysed by Grinder for 4 turns
  2713 | D:4      | Killed Grinder
  2799 | D:5      | Entered Level 5 of the Dungeon
  2822 | D:5      | Reached XP level 8. HP: 78/78 MP: 7/7
  2954 | D:5      | Reached skill level 5 in Dodging
  3065 | D:5      | Reached skill level 7 in Unarmed Combat
  3111 | D:5      | Noticed Sigmund
  3121 | D:5      | Killed Sigmund
  3131 | D:5      | Noticed Duvessa
  3132 | D:5      | Noticed Dowan
  3140 | D:5      | Killed Duvessa
  3144 | D:5      | Killed Dowan
  3462 | D:5      | Found a glowing drain.
  3475 | Sewer    | Entered a sewer
  3586 | Sewer    | Acquired Makhleb's fifth power
  4077 | D:6      | Reached XP level 9. HP: 85/85 MP: 10/10
  4150 | D:6      | Reached skill level 8 in Unarmed Combat
  4356 | D:6      | Found an iron altar of Okawaru.
  4356 | D:6      | Found a basalt altar of Yredelemnul.
  4758 | D:7      | Found a glowing silver altar of Zin.
  4874 | D:7      | Reached skill level 5 in Invocations
  4897 | D:7      | Noticed Joseph
  4910 | D:7      | Killed Joseph
  4910 | D:7      | Reached skill level 5 in Fighting
  4916 | D:7      | Reached XP level 10. HP: 41/96 MP: 13/13
  4925 | D:7      | Reached skill level 9 in Unarmed Combat
  5345 | D:7      | Lost mutation: You regenerate. [potion of cure mutation]
  5345 | D:7      | Lost mutation: You are partially covered in yellow scales (AC +2). [potion of cure mutation]
  5346 | D:7      | Reached skill level 11 in Dodging
  5346 | D:7      | Reached XP level 11. HP: 104/104 MP: 14/14
  5347 | D:7      | Gained mutation: You are partially covered in yellow scales (AC +2). [potion of beneficial mutation]
  5433 | D:8      | Noticed a hill giant
  5441 | D:8      | Killed a hill giant
  6550 | D:10     | Entered Level 10 of the Dungeon
  6669 | D:10     | Found a staircase to the Lair.
  6691 | D:10     | Reached skill level 12 in Dodging
  6953 | D:10     | Noticed a centaur warrior
  6958 | D:10     | Noticed Josephine
  6960 | D:10     | Killed a centaur warrior
  6960 | D:10     | Reached skill level 10 in Unarmed Combat
  6964 | D:10     | Killed Josephine
  7146 | D:10     | Noticed Fannar
  7160 | D:10     | Killed Fannar
  7185 | D:10     | Found a staircase to the Orcish Mines.
  7187 | D:10     | Found a roughly hewn altar of Beogh.
  7197 | D:10     | Reached XP level 12. HP: 102/114 MP: 18/18
  7865 | D:11     | Found a labyrinth entrance.
  7892 | Lab      | Entered a labyrinth
  8349 | Lab      | Noticed a minotaur
  8358 | Lab      | Killed a minotaur
  8371 | Lab      | Got a crude short sword
  8371 | Lab      | Got an encrusted sling
  8607 | D:12     | Found Owi Qua's Jewellery Boutique.
  8721 | D:12     | Found a flagged portal.
  8778 | Bailey   | Entered a bailey
  9107 | D:12     | Found a frozen archway.
  9137 | IceCv    | Entered an ice cave
  9147 | IceCv    | Mangled by an alligator simulacrum

Action                   |  1- 3 |  4- 6 |  7- 9 | 10-12 || total
-------------------------+-------+-------+-------+-------++-------
Melee: Unarmed           |    66 |   172 |   355 |   446 ||  1039
Invok: Major Destruction |       |       |       |     1 ||     1
       Greater Servant o |       |       |       |     1 ||     1
Evoke: Wand              |       |       |     2 |     3 ||     5
  Use: Scroll            |       |    17 |       |     7 ||    24
       Potion            |       |     7 |       |     4 ||    11
 Stab: Sleeping          |     1 |     1 |       |     2 ||     4
       Distracted        |       |     1 |     1 |       ||     2
